 Dungeon Crawl Stone Soup version 0.21.1-1-g345015f (webtiles) character file.

22 tidbits the Grave Robber (level 2, 16/20 HPs)
             Began as a Gnoll Necromancer on June 17, 2018.
             Quit the game on level 5 of the Dungeon.
             The game lasted 00:01:47 (192 turns).

tidbits the Grave Robber (Gnoll Necromancer)         Turns: 192, Time: 00:01:48

Health: 16/20      AC:  2    Str: 14    XL:     2   Next: 91%
Magic:  5/7        EV: 14    Int: 17    God:
Gold:   43         SH:  0    Dex: 15    Spells: 9/10 levels left

rFire    . . .     SeeInvis .   d - +0 dagger
rCold    . . .     Gourm    .   (no shield)
rNeg     . . .     Faith    .   a - +0 robe
rPois    .         Spirit   .   (no helmet)
rElec    .         Reflect  .   (no cloak)
rCorr    .         Harm     .   (no gloves)
MR       .....                  (no boots)
Stlth    +++.......             (no amulet)
HPRegen  0.06/turn              g - +4 ring of strength
MPRegen  0.10/turn              (no ring)

@: no status effects
A: distributed training, fangs 1, strong nose
a: no special abilities


You were on level 5 of the Dungeon.
You were not hungry.

You visited 1 branch of the dungeon, and saw 4 of its levels.

You collected 43 gold pieces.

Inventory:

Hand Weapons
 d - a +0 dagger (weapon)
 j - a +0 spear
Missiles
 e - 4 stones (quivered)
Armour
 a - a +0 robe (worn)
Jewellery
 g - a +4 ring of strength (left hand)
   (You found it on level 1 of the Dungeon)
Scrolls
 f - a scroll of blinking {unknown}
 h - 3 scrolls of identify {unknown}
Books
 b - a book of Necromancy

   Spells                             Type                      Level
   a - Pain                           Necromancy                   1
   b - Animate Skeleton               Necromancy                   1
   c - Vampiric Draining              Necromancy                   3
   d - Regeneration                   Charms/Necromancy            3
   e - Animate Dead                   Necromancy                   4
   f - Borgnjor's Vile Clutch         Necromancy/Earth             5
Comestibles
 c - 5 rations


   Skills:
 + Level 0.5 Fighting
 + Level 0.5 Short Blades
 + Level 0.5 Long Blades
 + Level 0.5 Axes
 + Level 0.5 Maces & Flails
 + Level 0.5 Polearms
 + Level 0.5 Staves
 + Level 0.5 Slings
 + Level 0.5 Bows
 + Level 0.5 Crossbows
 + Level 0.5 Throwing
 + Level 0.5 Armour
 + Level 4.5 Dodging
 + Level 4.1 Stealth
 + Level 0.5 Shields
 + Level 0.5 Unarmed Combat
 + Level 4.9 Spellcasting
 + Level 0.4 Conjurations
 + Level 0.4 Hexes
 + Level 0.4 Charms
 + Level 0.4 Summonings
 + Level 7.0 Necromancy
 + Level 0.4 Translocations
 + Level 0.4 Transmutations
 + Level 0.4 Fire Magic
 + Level 0.4 Ice Magic
 + Level 0.4 Air Magic
 + Level 0.4 Earth Magic
 + Level 0.4 Poison Magic
 + Level 0.7 Invocations
 + Level 0.5 Evocations


You had 9 spell levels left.
You knew the following spells:

 Your Spells              Type           Power        Failure   Level  Hunger
a - Pain                  Necr           ####         1%          1    None


Dungeon Overview and Level Annotations

Branches:
Dungeon (5/15)
 Temple: D:4-7

Altars:


Innate Abilities, Weirdness & Mutations

Your experience applies equally to all skills.
You have very sharp teeth.
Your uncanny sense of smell can sniff out nearby items.


Message History

Found a spear.
An orc comes into view. It is wielding a hand axe.
The ball python hisses angrily.
An adder comes into view.
You see here a spear.
j - a spear
Casting: Pain
Confirm with . or Enter, or press ? or * to list all spells.
Aiming: Pain
Press: ? - help, Shift-Dir - straight line, f - ball python
Aim: a ball python (chance to defeat MR: 93%)
The ball python writhes in agony!
You kill the ball python!
Casting: Pain
Confirm with . or Enter, or press ? or * to list all spells.
Aiming: Pain
Press: ? - help, Shift-Dir - straight line, f - adder
Aim: an adder (chance to defeat MR: 89%)
The adder writhes in agony!
Casting: Pain
Confirm with . or Enter, or press ? or * to list all spells.
Aiming: Pain
Press: ? - help, Shift-Dir - straight line, f/p - adder
Aim: an adder (lightly wounded, chance to defeat MR: 89%)
The adder barely resists.
The adder bites you but does no damage. The adder bites you.
You are poisoned.
The adder poisons you!
Casting: Pain
Confirm with . or Enter, or press ? or * to list all spells.
Aiming: Pain
Press: ? - help, Shift-Dir - straight line, f/p - adder
Aim: an adder (lightly wounded, chance to defeat MR: 89%)
The adder writhes in agony!
* * * LOW HITPOINT WARNING * * *
You feel sick. The adder misses you.
Casting: Pain
Confirm with . or Enter, or press ? or * to list all spells.
Aiming: Pain
Press: ? - help, Shift-Dir - straight line, f/p - adder
Aim: an adder (severely wounded, chance to defeat MR: 89%)
The adder writhes in agony!
You kill the adder!
You have reached level 2!
It was a potion of heal wounds.
You feel much better.
You feel sick.
Found 11 gold pieces.
You see here an adder corpse.
You feel sick.
A frilled lizard comes into view.
You feel sick.
Found a stone staircase leading down.
Unknown command.
You see here 11 gold pieces.
You now have 43 gold pieces (gained 11).
You feel sick.
You hit the frilled lizard but do no damage.
Casting: Pain
Confirm with . or Enter, or press ? or * to list all spells.
Aiming: Pain
Press: ? - help, Shift-Dir - straight line, f - frilled lizard
Aim: a frilled lizard (chance to defeat MR: 93%)
The frilled lizard barely resists.
The frilled lizard bites you but does no damage.
You feel sick.
Casting: Pain
Confirm with . or Enter, or press ? or * to list all spells.
Aiming: Pain
Press: ? - help, Shift-Dir - straight line, f/p - frilled lizard
Aim: a frilled lizard (chance to defeat MR: 93%)
The frilled lizard writhes in agony!
You kill the frilled lizard!
You feel sick.
You are no longer poisoned.
There is a stone staircase leading down here.
You climb downwards.
A worker ant and a zombie come into view.
Found a bubbling silvery potion.
There is a stone staircase leading up here.
Unknown command.
Found a trident.
Found an escape hatch in the ceiling.
Found a stone staircase leading down.
Found a cyan potion.
There is a stone staircase leading down here.
There is an escape hatch in the ceiling here.
An adder and a worker ant come into view.
Found 19 stones.
The worker ant twitches its antennae in your direction.
Unknown command.
The helpless adder fails to defend itself.
You puncture the adder!
You kill the adder!
Casting: Pain
Confirm with . or Enter, or press ? or * to list all spells.
You can't see any susceptible monsters within range! (Use Z to cast anyway.)
You open the door.
A quokka comes into view.
The leopard gecko zombie closely misses you.
Found 26 arrows.
There is an open door here.
Are you sure you want to abandon this character and quit the game? (Confirm with "yes".)

###### .....#
.....# #####.....#
#a.Z@.....+
########a###.....#
....a(...).+.......
########a###....r##
#<###.....#
#>....!....(
#.##########
######.######
#.............


You could see 2 worker ants, a leopard gecko zombie and a quokka (sleeping).

Vanquished Creatures
  2 adders
  A ball python (D:4)
  A kobold (D:1)
  A frilled lizard (D:4)
  A rat (D:1)
6 creatures vanquished.

Notes
Turn   | Place    | Note
-------+----------+-------------------------------------------
     0 | D:1      | tidbits the Gnoll Necromancer began the quest for the Orb.
     0 | D:1      | Reached XP level 1. HP: 13/13 MP: 6/6
    82 | D:2      | You fall through a shaft for 2 floors!
   132 | D:4      | Reached XP level 2. HP: 9/20 MP: 1/7
   153 | D:5      | Entered Level 5 of the Dungeon
   192 | D:5      | Quit the game

Action                   || total
-------------------------++-------
Melee: Dagger            ||     2
 Cast: Pain              ||     9
  Use: Potion            ||     1
 Stab: Sleeping          ||     1
Armor: Robe              ||     2
Dodge: Dodged            ||     3

Table legend:
 A = Turns spent in this place as a percentage of turns spent in the entire game.
 B = Non-inter-level travel turns spent in this place as a percentage of non-inter-level travel turns spent in the entire game.
 C = Inter-level travel turns spent in this place as a percentage of turns spent in this place.
 D = Turns resting spent in this place as a percentage of non-inter-level travel turns spent in this place.
 E = Turns spent auto-exploring this place as a percentage of non-inter-level travel turns spent in this place.
 F = Non-inter-level travel turns spent in this place divided by the number of levels of this place that you've seen.
                   A       B       C       D       E      F
               +-------+-------+-------+-------+-------+----------------------
         Total | 100.0 | 100.0 |   0.0 |   0.0 |   0.0 |  48.0
       Dungeon | 100.0 | 100.0 |   0.0 |   0.0 |   0.0 |  48.0
               +-------+-------+-------+-------+-------+----------------------

Table legend:
 A = Kills in this place as a percentage of kills in entire the game.
 B = Kills by you in this place as a percentage of kills by you in the entire game.
 C = Kills by friends in this place as a percentage of kills by friends in the entire game.
 D = Other kills in this place as a percentage of other kills in the entire game.
 E = Experience gained in this place as a percentage of experience gained in the entire game.
 F = Experience gained in this place divided by the number of levels of this place that you have seen.
                   A       B       C       D       E      F
               +-------+-------+-------+-------+-------+----------------------
         Total | 100.0 | 100.0 |   N/A |   N/A | 100.0 |   8.0
       Dungeon | 100.0 | 100.0 |   N/A |   N/A | 100.0 |   8.0
               +-------+-------+-------+-------+-------+----------------------

Vault maps used:
D:1:      giann_forest_graveyard, minmay_misc_feat_nine_boxes,
          supply_closet_lemuel, kennysheep_doodads
D:2:      first_ration, minmay_misc_feat_chi, st_stairs_4, minmay_tetromino_o2
D:4:      kennysheep_okawaru_gauntlet
D:5:      corexii_shantytown, overflow_temple_1_default, lemuel_doored_altar,
          minmay_door_square, palyth_stone_intersect, uniq_ijyb,
          uniq_blork_the_orc
